 Dungeon Crawl Stone Soup version 0.22-a0-362-g535178c (webtiles) character file.

9 Amnesiac the Grave Robber (level 2, -5/20 HPs)
             Began as a Mummy Necromancer on Apr 19, 2018.
             Slain by a hobgoblin
             ... wielding a +0 club
             ... led by Robin
              (11 damage)
             ... on level 4 of the Dungeon.
             The game lasted 00:01:39 (326 turns).

Amnesiac the Grave Robber (Mummy Necromancer)        Turns: 326, Time: 00:01:40

Health: -5/20      AC:  4    Str: 11    XL:     2   Next: 6%
Magic:  0/5        EV: 27    Int: 14    God:
Gold:   16         SH:  0    Dex: 12    Spells: 5/6 levels left

rFire    x . .     SeeInvis .   (no weapon)
rCold    + . .     Gourm    .   (no shield)
rNeg     + + +     Faith    .   a - +0 robe
rPois    ∞         Spirit   .   (no helmet)
rElec    .         Reflect  .   (no cloak)
rCorr    .         Harm     .   (no gloves)
MR       .....                  b - +1 pair of boots
Stlth    ++........             e - amulet of the acrobat
HPRegen  0.06/turn              (no ring)
MPRegen  0.09/turn              (no ring)

@: very slightly contaminated
A: no food or potions, fire vulnerability, cold resistance 1, negative energy
resistance 3, torment resistance, unbreathing
a: no special abilities


You were on level 4 of the Dungeon.
You were not hungry.

You visited 1 branch of the dungeon, and saw 4 of its levels.

You collected 16 gold pieces.

Inventory:

Missiles
 d - 24 stones (quivered)
Armour
 a - a +0 robe (worn)
 b - a +1 pair of boots (worn)
Jewellery
 e - an amulet of the acrobat (around neck)


   Skills:
 + Level 0.5 Fighting
 * Level 1.9 Dodging
 - Level 1.5 Stealth
 + Level 2.9 Spellcasting
 + Level 4.1 Necromancy


You had 5 spell levels left.
You knew the following spells:

 Your Spells              Type           Power        Failure   Level  Hunger
a - Pain                  Necr           ##..         4%          1    N/A

Dungeon Overview and Level Annotations

Branches:
Dungeon (4/15)
 Temple: D:4-7

Altars:

Annotations:
D:4 exclusion: goblin, Robin


Innate Abilities, Weirdness & Mutations

You do not eat or drink.
Your flesh is vulnerable to fire.
You are immune to poison.
Your flesh is cold resistant. (rC+)
You are immune to negative energy. (rN+++)
You are immune to unholy pain and torment.
You can survive without breathing.


Message History

You don't have any unidentified items.
Robin closely misses you. The hobgoblin barely misses you.
Robin barely misses you.
Casting: Pain (safe; 4% risk of failure)
Confirm with . or Enter, or press ? or * to list all spells.
Aiming: Pain (safe; 4% risk of failure)
Press: ? - help, Shift-Dir - straight line, f/p - Robin
Aim: Robin, wielding a spear, wearing an animal skin and wearing a helmet (lightly wounded, chance to defeat MR: 77%) Robin writhes in agony!
Robin barely misses you.
Unknown command.
The hobgoblin closely misses you. Robin barely misses you.
The hobgoblin completely misses you. Robin misses you.
The hobgoblin misses you. Robin completely misses you.
The goblin no longer looks unusually strong.
The hobgoblin hits you with a club.
Robin roars a battlecry!
The goblin goes into a battle-frenzy!
Casting: Pain (safe; 4% risk of failure)
Confirm with . or Enter, or press ? or * to list all spells.
Aiming: Pain (safe; 4% risk of failure)
Press: ? - help, Shift-Dir - straight line, f - hobgoblin, p - Robin
Aim: a hobgoblin, wielding a club (unusually strong, chance to defeat MR: 83%)
The hobgoblin barely resists.
The hobgoblin no longer looks unusually strong.
The hobgoblin hits you but does no damage.
Robin closely misses you.
Unknown command.
The goblin no longer looks unusually strong.
The hobgoblin hits you with a club.
* * * LOW HITPOINT WARNING * * *
Robin barely misses you.
The hobgoblin hits you but does no damage.
Robin says, "My goblins will feast on your bones."
Robin barely misses you. The hobgoblin misses you.
The hobgoblin no longer looks unusually strong.
The hobgoblin closely misses you. Robin completely misses you.
The hobgoblin misses you.
The hobgoblin no longer looks unusually strong.
Robin laughs in a distinctly smug fashion.
The hobgoblin completely misses you. The hobgoblin closely misses you.
The hobgoblin completely misses you.
Robin roars a battlecry!
The goblins go into a battle-frenzy!
The hobgoblin closely misses you. Robin completely misses you.
Casting: Pain (safe; 4% risk of failure)
Confirm with . or Enter, or press ? or * to list all spells.
Aiming: Pain (safe; 4% risk of failure)
Press: ? - help, Shift-Dir - straight line, f - Robin, p - hobgoblin
Aim: Robin, wielding a spear, wearing an animal skin and wearing a helmet (lightly wounded, chance to defeat MR: 77%)
You miscast Pain.
You are very lightly contaminated with residual magic.
Strange energies run through your body. The hobgoblin hits you with a club.
* * * LOW HITPOINT WARNING * * *
Robin hits you but does no damage. The hobgoblin completely misses you.
The hobgoblin misses you. Robin closely misses you.
The goblin no longer looks unusually strong.
Robin roars a battlecry!
The goblin goes into a battle-frenzy!
The hobgoblin misses you. Robin hits you but does no damage.
The hobgoblin hits you with a club!
Ouch! That really hurt!
You die...

,**
##......<##...####.###.
,* **** #..)....#....#
##....# ** *,,*
*#....###.....###..###.
** *,***#....##
##........###.#
,*****,*#...#.#*
#........###.#
,,,,,,,,...##.*
#.g......##.##
,,,,,***###*##*
#.g.......#.# ,,,,**
#####g..........##
*,,** *****
#@g#..........##.. **,*
*,,,*
##gggg......###### *,**
*,,,* *#g###......#
**,* *,,,* #.##
###...## * *,** **+**
##* ##...#* * ***,,*
**,* *#.#..***** ,***,*
*,** *,*###,,*,, ,,*,**
**,* **,* ***,,* ,,,**
*,** *** **,** **,*


You could see Robin, 3 hobgoblins and 2 goblins.

Vanquished Creatures
  A leopard gecko (D:3)
  An orc (D:4)
  2 hobgoblins (D:4)
  2 goblins (D:4)
  A rat (D:3)
7 creatures vanquished.

Notes
Turn   | Place    | Note
-------+----------+-------------------------------------------
     0 | D:1      | Amnesiac the Mummy Necromancer began the quest for the Orb.
     0 | D:1      | Reached XP level 1. HP: 13/13 MP: 4/4
   290 | D:4      | Reached XP level 2. HP: 16/20 MP: 1/5
   296 | D:4      | Noticed Robin
   326 | D:4      | Slain by a hobgoblin

Vault maps used:
D:1:      shiori_arrival_maze
D:2:      nicolae_overflow_crystal_walls, marbit_many_paths
D:3:      grunt_temple_overflow_open, chequers_ecumenical_altar_island,
          kennysheep_jessica_study
D:4:      first_ration, nicolae_underground_beach, uniq_crazy_yiuf_cottage,
          uniq_robin, uniq_ijyb, uniq_menkaure

Action                   || total
-------------------------++-------
Melee: Unarmed           ||     3
 Cast: Pain              ||    14
  Use: Scroll            ||     3
Armor: Robe              ||     6
Dodge: Dodged            ||    39

Table legend:
 A = Spawn XP
 B = Non-spawn XP
 C = Spawn XP percentage of total XP
 D = Spawn monster count
 E = Non-spawn monster count
 F = Spawn count percentage of total count
 G = Total turns spent on level
                    A         B        C        D         E        F      G
               +---------+---------+-------+---------+---------+-------+---------
         Total |       0 |      14 |   0.0 |       0 |       7 |   0.0 |   326
               +---------+---------+-------+---------+---------+-------+---------
           D:3 |       0 |       4 |   0.0 |       0 |       2 |   0.0 |   104
           D:4 |       0 |      10 |   0.0 |       0 |       5 |   0.0 |   193
               +---------+---------+-------+---------+---------+-------+---------
